 Dungeon Crawl Stone Soup version 0.27.1-3-gb3d3a73c9e (webtiles) character file.

Game seed: 4689027530288972632

2 ABBCCCDDDD the Sneak (level 1, -2/21 HPs)
             Began as a Naga Delver on Oct 21, 2021.
             Slain by a hobgoblin (3 damage)
             ... on level 1 of the Dungeon.
             The game lasted 00:02:59 (374 turns).

ABBCCCDDDD the Sneak (Naga Delver)                   Turns: 374, Time: 00:02:59

Health: -2/21      AC:  1    Str: 14    XL:     1   Next: 40%
Magic:  1/1        EV:  9    Int: 10    God:
Gold:   3          SH:  0    Dex: 12    Spells: 0/0 levels left

rFire    . . .     SeeInvis +   a - +0 hand axe
rCold    . . .     Faith    .   (no shield)
rNeg     . . .     Spirit   .   b - +0 leather armour
rPois    +         Reflect  .   (no helmet)
rElec    .         Harm     .   (no cloak)
rCorr    .         Rampage  .   (no gloves)
Will     .....                  (no barding)
Stlth    +++.......             (no amulet)
HPRegen  0.07/turn              (no ring)
MPRegen  0.07/turn              (no ring)

@: hasted, quick
A: AC +0, large, see invisible, deformed body, poison resistance, slowness 2,
spit poison 1, naga tail 1
a: Spit Poison


You were on level 1 of the Dungeon.
You visited 1 branch of the dungeon, and saw 5 of its levels.

You collected 3 gold pieces.

Inventory:

Hand Weapons
 a - a +0 hand axe (weapon)
 j - a +0 dagger of speed
Armour
 b - a +0 leather armour (worn)
 l - a +0 chain mail
Wands
 g - a wand of digging (3)
Scrolls
 c - a scroll of fog
 d - a scroll of magic mapping
 e - a scroll of blinking {unknown}
 h - 2 scrolls of vulnerability {unknown}
 i - 2 scrolls of noise {unknown}
 k - a scroll of identify {unknown}


   Skills:
 + Level 3.0 Fighting
 + Level 2.0 Axes
 - Level 1.5 Dodging
 + Level 7.3 Stealth


You couldn't memorise any spells.
You didn't know any spells.
Your spell library was empty.

Dungeon Overview and Level Annotations

Branches:
Dungeon (5/15)
 Temple: D:4-7

Altars:


Innate Abilities, Weirdness & Mutations

Your serpentine skin is tough. (AC +0)
You have supernaturally acute eyesight. (SInv)
Armour fits poorly on your strangely shaped body.
Your system is resistant to poisons. (rPois)
You cover ground very slowly.
You can spit poison.
You have a snake-like lower body.


Message History

You closely miss the goblin. You closely miss the hobgoblin.
The kobold shouts!
The bat hits you but does no damage. The hobgoblin hits you.
The goblin closely misses you.
Okay, then.
You feel yourself speed up. The bat hits you but does no damage.
The hobgoblin barely misses you. The goblin barely misses you.
You hit the hobgoblin.
The hobgoblin is almost dead.
You hit the goblin. The hobgoblin hits you. The goblin hits you with a +0 club.
* * * LOW HITPOINT WARNING * * *
The bat hits you.
* * * LOW HITPOINT WARNING * * *
You barely miss the hobgoblin.
The hobgoblin is almost dead.
You closely miss the goblin. You miss the bat. The bat closely misses you.
A hobgoblin comes into view.
The hobgoblin misses you. The goblin hits you with a +0 club.
* * * LOW HITPOINT WARNING * * *
You aren't carrying any potions.
Okay, then.
The bat closely misses you. The hobgoblin barely misses you. The bat hits you.
* * * LOW HITPOINT WARNING * * *
The kobold throws a stone.
The stone hits you but does no damage.
Okay, then.
Unknown command.
You hit the goblin but do no damage.
The goblin is moderately wounded.
You barely miss the hobgoblin. You slash the goblin!
You kill the goblin!
You barely miss the hobgoblin. The bat hits you but does no damage.
The hobgoblin hits you.
* * * LOW HITPOINT WARNING * * *
The kobold throws a stone.
The stone closely misses you.
You hit the hobgoblin but do no damage.
The hobgoblin is almost dead.
The bat barely misses you. The hobgoblin hits you.
You die...

......... .........
........#
........###########
.........g........#
..................#
.#####.....K......#
#.......)b...#
#.......g@...#
##############


You could see 2 hobgoblins, a bat and a kobold.

Levels and vault maps discovered:
D:1:      scummos_arrival_hexagon, layout_basic,
          ebering_ecumenical_altar_sacrificial, serial_shops,
          nicolae_shop_trees, minivault_23
D:2:      layout_basic
D:3:      layout_basic, minmay_mini_jars
D:4:      minmay_inner_zag, layout_cave_pools, grunt_ashenzari_visionary
          [grunt_ashenzari_visionary_shoals, grunt_ashenzari_visionary_snake],
          st_stairs_2, saegor_snake_ambush, uniq_menkaure
D:5:      layout_loops_ring, grunt_temple_overflow_open,
          minmay_a_box_with_orc_wizards_in_it, uniq_pikel, uniq_eustachio

Notes
Turn   | Place    | Note
-------+----------+-------------------------------------------
     0 | D:5      | ABBCCCDDDD the Naga Delver began the quest for the Orb.
     0 | D:5      | Reached XP level 1. HP: 21/21 MP: 1/1
    31 | D:4      | Noticed a scorpion
    44 | D:4      | Noticed an iguana
   373 | D:1      | HP: 1/21 [hobgoblin (1)]
   374 | D:1      | Slain by a hobgoblin

Table legend: (Time is in decaauts)
 A = Elapsed time spent in this place.
 B = Non-inter-level travel time spent in this place.
 C = Inter-level travel time spent in this place.
 D = Time resting spent in this place.
 E = Time spent auto-exploring this place.
 F = Levels seen in this place.
 G = Mean time per level.
                   A        B        C        D        E       F      G
               +--------+--------+--------+--------+--------+-----+--------+
         Total |    496 |    496 |      0 |      7 |      0 |   5 |   99.2 |
       Dungeon |    496 |    496 |      0 |      7 |      0 |   5 |   99.2 |
               +--------+--------+--------+--------+--------+-----+--------+

Top non-repeatable levels by time:
     D:2: 398 daAuts
     D:4: 35 daAuts
     D:5: 31 daAuts
     D:1: 18 daAuts
     D:3: 12 daAuts

Table legend:
 A = Kills in this place as a percentage of kills in entire the game.
 B = Kills by you in this place as a percentage of kills by you in the entire game.
 C = Kills by friends in this place as a percentage of kills by friends in the entire game.
 D = Other kills in this place as a percentage of other kills in the entire game.
 E = Experience gained in this place as a percentage of experience gained in the entire game.
 F = Experience gained in this place divided by the number of levels of this place that you have seen.
                   A       B       C       D       E      F
               +-------+-------+-------+-------+-------+----------------------
         Total | 100.0 | 100.0 |   N/A |   N/A | 100.0 |   0.8
       Dungeon | 100.0 | 100.0 |   N/A |   N/A | 100.0 |   0.8
               +-------+-------+-------+-------+-------+----------------------

Action                   || total
-------------------------++-------
Melee: Hand axe          ||    11
  Use: Scroll            ||     1
       Potion            ||     1
 Stab: Sleeping          ||     1
Armor: Leather armour    ||     5
Dodge: Dodged            ||    14

Vanquished Creatures
  A goblin (D:1)
  A frilled lizard (D:2)
  A rat (D:2)
3 creatures vanquished.
